 Dungeon Crawl Stone Soup version 0.29.0-4-gdea44cf6ec (webtiles) character file.

Game seed: 10141812039425068879

5 qw the Vexing (level 1, 0/19 HPs)
             Began as an Ogre Enchanter on Sept 4, 2022.
             Slain by a kobold
             ... wielding a +0 whip
              (3 damage)
             ... on level 1 of the Dungeon.
             The game lasted 00:00:11 (430 turns).

qw the Vexing (Ogre Enchanter)                       Turns: 430, Time: 00:00:12

Health: 0/19       AC:  3    Str: 11    XL:     1   Next: 80%
Magic:  3/3        EV:  9    Int: 16    God:
Gold:   0          SH:  0    Dex:  9    Spells: 4/4 levels left

rFire   . . .      SeeInvis .   g - +0 mace
rCold   . . .      Faith    .   (no shield)
rNeg    . . .      Spirit   .   b - +0 robe
rPois   .          Reflect  .   (helmet restricted)
rElec   .          Harm     .   (no cloak)
rCorr   .          Rampage  .   (gloves unavailable)
Will    .....                   (boots unavailable)
Stlth   ++........              (no amulet)
HPRegen 0.06/turn               (no ring)
MPRegen 0.08/turn               (no ring)

@: no status effects
A: large, unfitting armour, tough skin 1
a: no special abilities


You were on level 1 of the Dungeon.
You visited 1 branch of the dungeon, and saw 1 of its levels.


Innate Abilities, Weirdness & Mutations

You are too large for most types of armour.
You have tough skin. (AC +1)


   Skills:
 - Level 1.0 Fighting
 - Level 0.8 Short Blades
 + Level 1.0 Axes
 - Level 1.7 Dodging
 - Level 2.1 Stealth
 - Level 2.4 Spellcasting
 - Level 2.6 Hexes


You had 4 spell levels left.
You didn't know any spells.
Your spell library contained the following spells:

 Spells                   Type           Power      Damage    Failure   Level
 Ensorcelled Hibernation  Hex/Ice        12%        N/A       17%         2
 Confusing Touch          Hex            10%        N/A       21%         3
 Tukima's Dance           Hex            10%        N/A       21%         3
 Dazzling Flash           Conj/Hex       12%        N/A       34%         3

Inventory:

Hand Weapons
 g - a +0 mace (weapon)
Armour
 b - a +0 robe (worn)
Potions
 a - 2 potions of mutation {unknown}
 c - 2 potions of invisibility
 d - a potion of resistance {unknown}
 f - a potion of curing {unknown}

Dungeon Overview and Level Annotations

Branches:
Dungeon (1/15)

Altars:


Message History

Your Fighting skill increases to level 1!
Found 2 poisoned darts.
e - a +0 club
381 ||| SWAPPING to +0 club.
e - a +0 club (weapon)
382 ||| DROPPING +1 dagger.
You drop a +1 dagger.
a - 2 pink potions You see here a staff of cold.
f - a white potion
Found a stone staircase leading down.
g - a +0 mace A kobold comes into view. It is wielding a +0 whip.
Found a glowing hat.
416 ||| SWAPPING to +0 mace.
g - a +0 mace (weapon)
The kobold shouts!
You hear a shout!
419 ||| DROPPING +0 club.
You drop a +0 club.
A kobold comes into view. It is wielding a +0 short sword.
You closely miss the kobold. The kobold hits you with a +0 whip.
The kobold barely misses you.
You closely miss the kobold. The kobold closely misses you.
You closely miss the kobold. The kobold hits you with a +0 whip.
The kobold hits you with a +0 short sword.
The kobold hits you with a +0 whip.
425 ||| Stepping ~*~*~tactically~*~*~ (outnumbered).
The kobold attacks as you move away! The kobold hits you but does no damage.
The kobold attacks as you move away! The kobold hits you but does no damage.
426 ||| Stepping ~*~*~tactically~*~*~ (outnumbered).
427 ||| Stepping ~*~*~tactically~*~*~ (outnumbered).
You hit the kobold but do no damage. You completely miss the kobold.
The kobold hits you with a +0 whip. The kobold hits you but does no damage.
You hit the kobold.
The kobold is severely wounded.
The kobold hits you but does no damage. The kobold barely misses you.
The kobold hits you with a +0 short sword.
The kobold hits you with a +0 whip.
You die...

#. 8. .8 ..##....##.##
.......)##.## ..
.....#..##... #.
##........... #..
#........... ###..##
###.........|. ... ...
............... ....
#.#####..##...........
.....#...#@...##(.....###..
.......).KK##.###.....# ###
..[..##.....#.....#...#
.... #.....#####..###### ..
#.....####..........
#..........########.
#.....###### #.....#
#.....#


You could see 2 kobolds.

Vanquished Creatures
  A bat (D:1)
  A giant cockroach (D:1)
  A quokka (D:1)
  A goblin (D:1)
  A rat (D:1)
5 creatures vanquished.

Notes
Turn   | Place    | Note
-------+----------+-------------------------------------------
     0 | D:1      | qw the Ogre Enchanter began the quest for the Orb.
     0 | D:1      | Reached XP level 1. HP: 16/16 MP: 3/3
     0 | D:1      | 0 ||| qw: Version: 0.1-a-102-g441f92d
     0 | D:1      | 0 ||| qw: Game counter: 5320
     0 | D:1      | 0 ||| qw: Always use a shield: true
     0 | D:1      | 0 ||| qw: God list: Okawaru
     0 | D:1      | 0 ||| qw: Allow faded altars: false
     0 | D:1      | 0 ||| qw: Do Orc after D:15 true
     0 | D:1      | 0 ||| qw: Do second Lair branch before Depths: true
     0 | D:1      | 0 ||| qw: Lair rune preference: random
     0 | D:1      | 0 ||| qw: Plans: Normal
     0 | D:1      | 0 ||| PLANNING D:1-11
    56 | D:1      | 56 ||| Stepping ~*~*~tactically~*~*~ (outnumbered).
    78 | D:1      | Reached skill level 1 in Axes
   379 | D:1      | Reached skill level 1 in Fighting
   381 | D:1      | 381 ||| SWAPPING to +0 club.
   382 | D:1      | 382 ||| DROPPING +1 dagger.
   416 | D:1      | 416 ||| SWAPPING to +0 mace.
   419 | D:1      | 419 ||| DROPPING +0 club.
   425 | D:1      | 425 ||| Stepping ~*~*~tactically~*~*~ (outnumbered).
   426 | D:1      | 426 ||| Stepping ~*~*~tactically~*~*~ (outnumbered).
   427 | D:1      | 427 ||| Stepping ~*~*~tactically~*~*~ (outnumbered).
   429 | D:1      | HP: 4/19 [kobold/+0 whip (1)]
   430 | D:1      | Slain by a kobold

Levels and vault maps discovered:
D:1:      heliophobic_arrival_ceremonial_halls, layout_rooms, serial_forest,
          infiniplex_forest_clump_long, infiniplex_forest_lined_room_,
          infiniplex_forest_clump_diagonal, infiniplex_forest_clump_diagonal,
          infiniplex_forest_clump_C, infiniplex_forest_lined_room_2,
          infiniplex_forest_split

Skill      XL: |  1 |
---------------+----+-----
Axes           | 1 |  1.0
Fighting       | 1 |  1.0
Short Blades   | |  0.8
Dodging        | |  1.7
Stealth        | |  2.1
Spellcasting   | |  2.4
Hexes          | |  2.6

Action                   || total
-------------------------++-------
Melee: Dagger            ||    31
       Mace              ||     6
       Punch             ||     1
Armor: Robe              ||    20
Dodge: Dodged            ||    15

Table legend:
 A = Non-vault XP
 B = Vault XP
 C = Vault XP percentage of total XP
 D = Non-vault monster count
 E = Vault monster count
 F = Vault count percentage of total count
                 A         B        C        D         E       F
            +---------+---------+-------+---------+---------+-------
      Total |       8 |       0 |   0.0 |       5 |       0 |   0.0
            +---------+---------+-------+---------+---------+-------
        D:1 |       8 |       0 |   0.0 |       5 |       0 |   0.0
            +---------+---------+-------+---------+---------+-------
